woodfighter, neutral female human Healer -- -.. .. --..- .... --.f-- | -@..h...- ......*.........- |.......---- ...| --...---- -- ----- woodfighter the Rhizotomist Experience level: 2 Strength: 11 Dexterity: 9 Constitution: 13 Intelligence: 10 Wisdom: 15 Charisma: 18 Health: 0(19) Energy: 9(9) Def: 3 Gold: 2130 Moves: 1195 Dungeon seed: CiR7OptvJ6t39UQ3 Game ID: woodfighter_1508614589 Your Inventory: Coins $ - 2130 gold pieces Weapons a - a blessed +1 orcish spear (weapon in hand) s - 18 cursed -2 darts v - a +0 scalpel Armor e - a blessed +1 pair of leather gloves (being worn) n - an uncursed +0 pair of kicking boots (being worn) Comestibles k - 4 blessed eucalyptus leaves l - 4 blessed sprigs of wolfsbane m - 4 blessed cloves of garlic o - 6 uncursed apples Scrolls u - an uncursed scroll of enchant armor w - an uncursed scroll of remove curse z - an uncursed scroll of magic mapping A - an uncursed scroll of scare monster Spellbooks h - a blessed spellbook of healing i - a blessed spellbook of extra healing j - a blessed spellbook of stone to flesh Potions c - 4 uncursed potions of healing d - 3 uncursed potions of extra healing f - a blessed potion of extra healing p - an uncursed potion of gain ability r - an uncursed potion of monster detection Wands g - a wand of sleep (0:5) B - a wand of enlightenment (0:11) Tools b - an uncursed stethoscope y - an uncursed lock pick Spells and supernatural/magical abilities: Name Level Category Fail Memory h - healing 1 healing 12% 95% x - extra healing 3 healing 100% 95% S - stone to flesh 3 healing 100% 95% W - pray for help -- divine ? -- Your skills at the end: Miscellaneous Skills wands [Basic] Weapon Skills knife [Basic] Spellcasting Skills healing spells [Basic] Final Attributes: You were devoutly aligned. You were poison resistant. You were stealthy. You are dead. Vanquished creatures: a hobbit a yellow mold a jackal 2 foxes a kobold a newt a goblin 2 grid bugs 2 lichens 12 creatures vanquished. Voluntary challenges: You did not adorn yourself with jewelry or accessories. You did not cause conflict. You were not invisible. You did not have reflection. You were not displaced. You were an atheist. You used a wielded weapon 7 times, starting on turn 246. You did not apply a unicorn horn. You did not use plumbed fixtures. You did not drink any magical draughts. You were illiterate. You never genocided any monsters. You never polymorphed an object. You never changed form. You used no wishes. You never split a pudding. You never wrote Elbereth's name. You never violated your personal moral code. Dungeon overview: The Dungeons of Doom: levels 1 to 5 Level 1 a fountain a long staircase Level 2 a general store, a fountain Level 3 a fountain Level 4 stairs to The Gnomish Mines Level 5 The Gnomish Mines: Level 5 <- You were here stairs to The Dungeons of Doom History has recorded: On T:1 you entered the Dungeons of Doom to retrieve the Amulet of Yendor! On T:344 you reached level 2 of The Dungeons of Doom. On T:559 you reached level 3 of The Dungeons of Doom. On T:746 you advanced to experience level 2. On T:767 you reached level 4 of The Dungeons of Doom. On T:1144 you reached level 5 of The Dungeons of Doom. On T:1195 you reached level 1 of The Gnomish Mines. Score breakdown: Gold: 295 ( 29 points) Experience: 2 levels ( 100 points) Exploration: 5 levels ( 120 points) Discoveries: 12 items ( 600 points) Variety of kills: 9 monsters ( 450 points) Major goal: (nothing yet) ( 0 points) Survival: died (score multiplied by 3) Total score: 3897 Latest messages: You finish eating the fox corpse. You stop exploring. The kobold punches you! You miss the kobold. (2x) The kobold punches you! You jab the kobold. The kobold is moderately wounded. You miss the kobold. The kobold punches you! You miss the kobold. You kick the kobold. You kill the kobold! There are a few objects here. It doesn't seem as poisonous as you thought... This kobold corpse tastes terrible! Kitty picks up 127 gold pieces. You finish eating the kobold corpse. Kitty drops 127 gold pieces. s - 11 darts. You displace kitty. The dwarf lord zaps a glass wand! The magic missile hits you! The magic missile bounces! The magic missile hits you! You die... Final status: Goodbye woodfighter the Healer, killed by a magic missile... You died in The Gnomish Mines on dungeon level 5 with 3897 points, and 2130 pieces of gold, after 1195 moves. You were level 2 with a maximum of 19 hit points when you died.